 Dungeon Crawl Stone Soup version 0.21-a0-79-g04744e2 (webtiles) character file.

69 KristoblXynda the Slasher (level 4, 0/33 HPs)
             Began as a Demonspawn Gladiator on June 22, 2017.
             Killed from afar by Sigmund (12 damage)
             ... with a puff of flame
             ... on level 2 of the Dungeon.
             The game lasted 00:03:29 (1236 turns).

KristoblXynda the Slasher (Demonspawn Gladiator)    Turns: 1236, Time: 00:03:29

Health: 0/33       AC: 10    Str: 14    XL:     4   Next: 2%
Magic:  4/4        EV:  9    Int: 11    God:
Gold:   97         SH:  0    Dex: 14    Spells: 3/3 levels left

rFire    . . .     SeeInvis .   a - +0 long sword
rCold    . . .     Gourm    .   (no shield)
rNeg     . . .     Faith    .   p - +0 chain mail (curse)
rPois    .         Spirit   .   c - +0 helmet
rElec    .         Reflect  .   (no cloak)
rCorr    .         Harm     .   o - +0 pair of gloves
MR       .....                  (no boots)
Stlth    ..........             (no amulet)
HPRegen  0.11/turn              (no ring)
MPRegen  0.09/turn              (no ring)

@: no status effects
A: repulsion field 1, powered by pain 1
a: no special abilities


You were on level 2 of the Dungeon.
You were not hungry.

You visited 1 branch of the dungeon, and saw 2 of its levels.

You collected 97 gold pieces.

Inventory:

Hand Weapons
 a - a +0 long sword (weapon)
Missiles
 d - 3 throwing nets (quivered)
Armour
 c - a +0 helmet (worn)
 o - a +0 pair of gloves (worn)
 p - a cursed +0 chain mail (worn)
Jewellery
 q - an uncursed amulet of harm {unknown}
Wands
 b - a wand of confusion (7/48)
Scrolls
 g - a scroll of identify {unknown}
 h - a scroll of amnesia {unknown}
 i - a scroll of blinking {unknown}
 k - a scroll of magic mapping {unknown}
 l - a scroll of immolation {unknown}
 n - a scroll of teleportation {unknown}
 s - a scroll of enchant weapon {unknown}
Potions
 r - a potion of curing {unknown}
 t - a potion of lignification {unknown}
Comestibles
 f - 2 bread rations
 j - 2 meat rations
 m - a royal jelly


   Skills:
 - Level 2.0 Fighting
 * Level 3.7 Long Blades
 - Level 1.7 Throwing
 + Level 1.1 Armour
 + Level 3.3 Dodging


You had 3 spell levels left.
You didn't know any spells.

Dungeon Overview and Level Annotations

Branches:
Dungeon (2/15)

Altars:

Annotations:
D:2 Sigmund


Innate Abilities, Weirdness & Mutations

You are surrounded by a mild repulsion field. (EV +2)
You sometimes gain a little power by taking damage.


Message History

You barely miss something. Something hits you but does no damage.
You hit something but do no damage. Something completely misses you.
You bump into the rock wall.
You hear some strange, mumbled words.
A puff of flame appears from out of thin air!
The puff of flame hits you!
You bump into the rock wall.
Something hits you but does no damage.
You see here an adder corpse.
You hear some strange, mumbled words.
A puff of flame appears from out of thin air!
The puff of flame hits you!
You bump into the rock wall.
Something hits you! Something hits you but does no damage.
You see here an adder corpse.
You feel less confused.
You hit something but do no damage.
You hear some strange, mumbled words.
A puff of flame appears from out of thin air!
The puff of flame hits you!
You die...

############################
#.........{@†............†..
#..#######################.#
#..# #.# #.[# #.# #@.# #.#
...# #.# #S.## #.# #.> ...
#.#


There were no monsters in sight!

Vanquished Creatures
  Robin (D:2)
  An adder (D:2)
  A leopard gecko (D:2)
  3 giant cockroaches
  10 hobgoblins
  A ball python (D:2)
  4 bats
  4 frilled lizards
  12 goblins
  6 kobolds
  4 rats
47 creatures vanquished.

Notes
Turn   | Place    | Note
-------+----------+-------------------------------------------
     0 | D:1      | KristoblXynda the Demonspawn Gladiator began the quest for the Orb.
     0 | D:1      | Reached XP level 1. HP: 16/16 MP: 1/1
   230 | D:1      | Gained mutation: You are surrounded by a mild repulsion field. (EV +2) [demonic ancestry]
   230 | D:1      | Reached XP level 2. HP: 13/22 MP: 2/2
   827 | D:2      | Noticed Robin
   840 | D:2      | Reached XP level 3. HP: 19/27 MP: 3/3
   875 | D:2      | Killed Robin
   875 | D:2      | Reached skill level 1 in Armour
  1180 | D:2      | Noticed Sigmund
  1204 | D:2      | Gained mutation: You sometimes gain a little power by taking damage. [demonic ancestry]
  1204 | D:2      | Reached XP level 4. HP: 18/33 MP: 4/4
  1236 | D:2      | Killed from afar by Sigmund

Vault maps used:
D:1:      kennysheep_arrival_forest
D:2:      grunt_gozag_breadcrumbs, minmay_hexomino_c4, uniq_robin, uniq_sigmund

Skill      XL: |  1  2  3 |
---------------+----------+-----
Long Blades    | 3 |  3.7
Dodging        | 3 |  3.3
Armour         | 1 |  1.1
Fighting       | |  2.0
Throwing       | |  1.7

Action                   |  1- 3 |  4- 6 || total
-------------------------+-------+-------++-------
Melee: Long sword        |   136 |    19 ||   155
Evoke: Wand              |     3 |     2 ||     5
  Use: Potion            |     2 |     1 ||     3
  Eat: Chunk             |     1 |       ||     1
Armor: Leather armour    |    11 |       ||    11
       Chain mail        |    85 |     8 ||    93
Dodge: Dodged            |   125 |     1 ||   126
       Rpst.: Long sword |    35 |       ||    35
